 Dungeon Crawl Stone Soup version 0.22.1-2-g9c5b331 (webtiles) character file.

9332 whitewolfNL the Basher (level 11, -8/94 HPs)
             Began as a Minotaur Berserker on Nov 14, 2018.
             Was a High Priest of Trog.
             Mangled by an ogre
             ... wielding a +0 giant club
              (28 damage)
             ... on level 2 of the Orcish Mines on Nov 15, 2018.
             The game lasted 01:06:23 (13760 turns).

whitewolfNL the Basher (Minotaur Berserker)        Turns: 13760, Time: 01:06:24

Health: -8/94      AC:  0    Str: 27    XL:     11   Next: 21%
Magic:  14/14      EV: 11    Int:  5    God:    Trog [*****.]
Gold:   1001       SH:  0    Dex: 17    Spells: 10/10 levels left

rFire    . . .     SeeInvis +   L - +9 great mace "Soycaor" {elec, Dex+5}
rCold    . . .     Gourm    .   (shield currently unavailable)
rNeg     . . .     Faith    .   e - +0 plate armour
rPois    .         Spirit   .   (helmet restricted)
rElec    .         Reflect  .   (no cloak)
rCorr    .         Harm     .   B - +0 pair of gloves
MR       .....                  (no boots)
Stlth    ..........             (no amulet)
HPRegen  0.25/turn              p - ring of see invisible
MPRegen  0.14/turn              A - +5 ring of strength

@: corroded, berserk cooldown, very slightly contaminated, hasted and slowed
A: retaliatory headbutt, horns 2
a: Berserk, Trog's Hand, Brothers in Arms, Renounce Religion


You were on level 2 of the Orcish Mines.
You worshipped Trog.
Trog was extremely pleased with you.
You were not hungry.

You visited 2 branches of the dungeon, and saw 11 of its levels.

You collected 1187 gold pieces.
You spent 186 gold pieces at shops.

Inventory:

Hand Weapons
 E - a +0 blowgun
 G - a +1 whip of venom
 H - a +0 halberd
 I - a +0 shortbow
 L - the +9 great mace "Soycaor" (weapon) {elec, Dex+5}
   (Trog gifted it to you on level 8 of the Dungeon)

   Occasionally, upon striking a foe, it will discharge some electrical energy
   and cause terrible harm.
   It affects your dexterity (+5).
 R - a +2 war axe of venom
Missiles
 m - 69 poisoned needles
 n - 58 bolts
 q - 164 arrows
 M - 3 tomahawks of dispersal (quivered)
 N - 18 sling bullets
Armour
 e - a +0 plate armour (worn)
 B - a +0 pair of gloves (worn)
Jewellery
 o - a +3 ring of protection
 p - a ring of see invisible (left hand)
 A - a +5 ring of strength (right hand)
 K - an uncursed ring of poison resistance
 O - an uncursed ring of fire
Wands
 a - a wand of clouds (5)
 f - a wand of polymorph (16)
 s - a wand of iceblast (7)
 u - a wand of disintegration (17)
Scrolls
 d - 4 scrolls of teleportation
 g - a scroll of fog
 h - a scroll of holy word
 k - a scroll of enchant armour {unknown}
 l - 4 scrolls of remove curse
 w - 2 scrolls of enchant weapon
 x - a scroll of noise {unknown}
 y - 3 scrolls of magic mapping
 z - a scroll of blinking {unknown}
Potions
 b - a potion of magic {unknown}
 j - 3 potions of ambrosia
 v - a potion of resistance
 C - 2 potions of haste
 D - 2 potions of brilliance
 F - a potion of mutation {unknown}
 J - 2 potions of lignification
 Q - a potion of might {unknown}
Comestibles
 c - 6 rations


   Skills:
 + Level 7.8 Fighting
 * Level 0.6(9.5) Axes
 * Level 14.1 Maces & Flails
 - Level 1.2(1.3) Polearms
 + Level 9.1 Armour
 * Level 6.1 Dodging
 - Level 3.0 Stealth
 * Level 5.3 Evocations


You had 10 spell levels left.
You didn't know any spells.
Your spell library was empty.

Dungeon Overview and Level Annotations

Branches:
Dungeon (9/15)             Temple (0/1) D:5             Orc (2/2) D:9
   Lair: D:8-11         Elf: Orc:2

Altars:
Dithmenos
Gozag
Nemelex Xobeh
Uskayaw
Beogh

Shops:
D:4 ?}

Annotations:
Orc:2 Blork the orc


Innate Abilities, Weirdness & Mutations

You reflexively headbutt those who attack you in melee.
You have a pair of horns on your head.


Message History

The orc warrior hits you with a war axe!!
* * * LOW HITPOINT WARNING * * *
You bludgeon the orc warrior!!
You kill the orc warrior!
Trog accepts your kill. The orc barely misses you.
You bludgeon the orc!!
You kill the orc!
Trog accepts your kill.
You feel a strong urge to attack something.
You are no longer berserk.
You are exhausted.
You feel yourself slow down.
You start resting.
You flicker back into view.
A warg and an orc sorcerer come into view.
The orc sorcerer shouts!
The warg howls!
You hear a shout! x2
The orc sorcerer shouts, "Entram moth deg ulag!"
The ogre hits you with a giant club!!
You die...

###### ##
##§##§###.### ##
#§§@§§.#....#..#
##§§O...........
≈#§#.O.........#
≈≈.......##.....#
≈≈#..............
≈≈≈.#..............
... ##.o.#..h......
.#. ...........o...
................


You could see a warg, an orc sorcerer and 2 ogres.

Vanquished Creatures
  The ghost of Bodigarde the Cleaver, a novice HOFi of Yredelemnul (D:7)
  An ogre mage (Orc:1)
  An orc sorcerer (Orc:2)
  A manticore (D:7)
  The ghost of 1player the Chopper, a novice DsFi (D:5)
  Prince Ribbit (D:6)
  2 trolls (Orc:1)
  Sigmund (D:5)
  2 wargs (Orc:1)
  A water moccasin (D:7)
  A floating eye (D:9)
  9 orc warriors
  A phantom (D:5)
  An ice beast (D:5)
  A sky beast (D:7)
  2 black bears
  15 ogres
  4 centaurs
  A crocodile (D:9)
  2 big kobolds (D:8)
  4 bullfrogs
  A wyvern zombie (D:9)
  4 scorpions
  6 killer bees
  5 wights (D:8)
  A howler monkey (D:9)
  3 crimson imps
  3 hounds
  3 bullfrog zombies
  2 centaur zombies (D:5)
  5 jellies
  16 orc wizards
  A quasit (D:9)
  Crazy Yiuf (D:6)
  6 orc priests
  2 bullfrog skeletons
  A centaur skeleton (D:6)
  Jessica (D:2)
  5 worker ants
  3 iguanas
  A hound skeleton (D:6)
  A worker ant zombie (D:8)
  3 gnolls (D:5)
  3 adders
  A howler monkey skeleton (D:9)
  An ooze (D:6)
  An adder zombie (D:9)
  3 adder skeletons
  5 worms
  4 leopard geckos
  51 orcs
  A ball python (D:4)
  4 giant cockroaches
  5 goblins
  5 hobgoblins
  6 jackals
  22 kobolds
  8 quokkas
  6 bats
  3 frilled lizards
  A jackal skeleton (D:4)
  8 rats
265 creatures vanquished.

Vanquished Creatures (others)
  An orc (Orc:2)
1 creature vanquished.

Grand Total: 266 creatures vanquished

Notes
Turn   | Place    | Note
-------+----------+-------------------------------------------
     0 | D:1      | whitewolfNL the Minotaur Berserker began the quest for the
                  | Orb.
     0 | D:1      | Reached XP level 1. HP: 19/19 MP: 0/0
   175 | D:1      | Reached skill level 4 in Maces & Flails
   304 | D:1      | Reached XP level 2. HP: 27/27 MP: 1/1
  1055 | D:2      | Reached XP level 3. HP: 33/33 MP: 2/2
  1163 | D:2      | Reached skill level 5 in Maces & Flails
  1568 | D:2      | Reached ** piety under Trog
  1569 | D:2      | Reached XP level 4. HP: 40/40 MP: 3/3
  1832 | D:2      | Noticed Jessica
  1839 | D:2      | Killed Jessica
  2201 | D:3      | Found an opulent altar of Gozag.
  3021 | D:3      | Reached XP level 5. HP: 47/47 MP: 4/4
  3175 | D:4      | Reached skill level 6 in Maces & Flails
  3467 | D:4      | Found Vuqagg's Gadget Boutique.
  3756 | D:4      | Found Eliyxt's Magic Scroll Emporium.
  3766 | D:4      | Reached XP level 6. HP: 53/53 MP: 5/5
  3768 | D:4      | Reached *** piety under Trog
  3850 | D:4      | Bought a scroll of enchant weapon for 82 gold pieces
  3850 | D:4      | Bought a scroll of teleportation for 33 gold pieces
  3850 | D:4      | Bought a scroll of magic mapping for 38 gold pieces
  3850 | D:4      | Bought a scroll of remove curse for 33 gold pieces
  4231 | D:5      | Entered Level 5 of the Dungeon
  4265 | D:5      | Reached skill level 7 in Maces & Flails
  4265 | D:5      | Reached skill level 1 in Evocations
  4288 | D:5      | Found a staircase to the Ecumenical Temple.
  4328 | D:5      | Reached skill level 1 in Stealth
  4331 | D:5      | Reached XP level 7. HP: 22/60 MP: 5/7
  4714 | D:5      | Reached skill level 8 in Maces & Flails
  5051 | D:5      | Noticed Sigmund
  5064 | D:5      | Killed Sigmund
  5064 | D:5      | Reached skill level 5 in Fighting
  5383 | D:5      | Found a transporter.
  5416 | D:5      | Found a transporter.
  5417 | D:5      | Noticed 1player's ghost (novice DsFi)
  5453 | D:5      | Killed 1player's ghost
  5453 | D:5      | Reached skill level 5 in Armour
  5453 | D:5      | Reached XP level 8. HP: 15/68 MP: 8/8
  5481 | D:5      | Reached skill level 9 in Maces & Flails
  5481 | D:5      | Reached skill level 1 in Polearms
  6063 | D:6      | Found a hide-covered altar of Uskayaw.
  6073 | D:6      | Found a sparkling altar of Nemelex Xobeh.
  6202 | D:6      | Noticed Prince Ribbit
  6230 | D:6      | Killed Prince Ribbit
  6807 | D:6      | Reached **** piety under Trog
  6996 | D:6      | Found a runed door.
  7004 | D:6      | Noticed Crazy Yiuf
  7007 | D:6      | Killed Crazy Yiuf
  7488 | D:7      | Reached XP level 9. HP: 69/75 MP: 10/10
  7651 | D:7      | Reached skill level 10 in Maces & Flails
  7999 | D:7      | Found a shadowy altar of Dithmenos.
  8943 | D:7      | Found a runed gate.
  8944 | D:7      | Found a runed gate.
  8945 | D:7      | Found an opulent altar of Gozag.
  8945 | D:7      | Found a runed gate.
  8946 | D:7      | Noticed Bodigarde's ghost (novice HOFi)
  8946 | D:7      | Noticed a manticore
  8977 | D:7      | Killed Bodigarde's ghost
  8977 | D:7      | Reached skill level 11 in Maces & Flails
  8980 | D:7      | Killed a manticore
  8980 | D:7      | Reached XP level 10. HP: 29/84 MP: 10/12
  9750 | D:8      | Reached skill level 12 in Maces & Flails
  9758 | D:8      | Reached ***** piety under Trog
  9898 | D:8      | Received a gift from Trog
 10055 | D:8      | Got a crystal great mace {god gift}
 10161 | D:8      | Identified the +9 great mace "Soycaor" {elec, Dex+5} (Trog
                  | gifted it to you on level 8 of the Dungeon)
 10519 | D:8      | Reached skill level 5 in Dodging
 11211 | D:9      | Got an ivory spear
 11541 | D:9      | Found a staircase to the Orcish Mines.
 11791 | D:9      | Reached skill level 13 in Maces & Flails
 12040 | Orc:1    | Entered Level 1 of the Orcish Mines
 12047 | Orc:1    | Noticed an orc sorcerer
 12325 | D:9      | an orc sorcerer changed into a floating eye
 12751 | Orc:1    | Reached skill level 5 in Evocations
 12952 | Orc:1    | Reached XP level 11. HP: 78/92 MP: 13/13
 13015 | Orc:1    | Noticed an ogre mage
 13021 | Orc:1    | Killed an ogre mage
 13024 | Orc:1    | Reached skill level 14 in Maces & Flails
 13650 | Orc:2    | Entered Level 2 of the Orcish Mines
 13650 | Orc:2    | Noticed an orc sorcerer
 13703 | Orc:2    | Paralysed by an orc sorcerer for 5 turns
 13721 | Orc:2    | Killed an orc sorcerer
 13723 | Orc:2    | Found a roughly hewn altar of Beogh.
 13723 | Orc:2    | Noticed an orc sorcerer
 13723 | Orc:2    | Noticed an orc knight
 13723 | Orc:2    | Noticed Blork the orc
 13723 | Orc:2    | Noticed an orc warlord
 13727 | Orc:2    | Noticed an orc knight
 13760 | Orc:2    | Noticed an orc sorcerer
 13760 | Orc:2    | Mangled by an ogre

Skill      XL: |  1  2  3  4  5  6  7  8  9 10 11 |
---------------+----------------------------------+-----
Maces & Flails | 4 5 6 7 8 9 11 13 14 | 14.1
Fighting       | 4 5 6 7 |  7.8
Armour         | 3 5 6 8 9 |  9.1
Dodging        | 3 4 5 6 |  6.1
Evocations     | 1 2 3 4 5 |  5.3
Stealth        | 1 2 3 |  3.0
Polearms       | 1 |  1.2
Axes           | |  0.6

Action                   |  1- 3 |  4- 6 |  7- 9 | 10-12 || total
-------------------------+-------+-------+-------+-------++-------
Melee: Mace              |    61 |   110 |    61 |       ||   232
       Headbutt          |     4 |    27 |    45 |    41 ||   117
       Scythe            |       |       |    26 |       ||    26
       Morningstar       |       |       |   138 |    52 ||   190
       Great mace        |       |       |       |   156 ||   156
       War axe           |       |       |       |    12 ||    12
Invok: Berserk           |     1 |     4 |    10 |    16 ||    31
Evoke: Wand              |       |       |       |     1 ||     1
  Use: Scroll            |       |       |    10 |    10 ||    20
       Potion            |       |       |       |     5 ||     5
 Stab: Invisible         |       |       |       |     2 ||     2
  Eat: Chunk             |     3 |     8 |    12 |    12 ||    35
       Ration            |       |     1 |     4 |     5 ||    10
Armor: Animal skin       |     7 |    15 |       |       ||    22
       Plate armour      |       |    39 |   195 |   158 ||   392
Dodge: Dodged            |    46 |    74 |   138 |   141 ||   399
